 Dungeon Crawl Stone Soup version 0.22.0-38-g04b72b8 (webtiles) character file.

226 troglodite the Skirmisher (level 5, -10/43 HPs)
             Began as a Demonspawn Berserker on Aug 28, 2018.
             Was a Believer of Trog.
             Engulfed by a cloud of flame (24 damage)
             ... on level 2 of the Dungeon.
             The game lasted 00:05:19 (2287 turns).

troglodite the Skirmisher (Demonspawn Berserker)    Turns: 2287, Time: 00:05:19

Health: -10/43     AC:  6    Str: 18    XL:     5   Next: 69%
Magic:  5/5        EV: 11    Int:  8    God:    Trog [**....]
Gold:   26         SH:  0    Dex: 13    Spells: 4/4 levels left

rFire    . . .     SeeInvis .   a - +0 falchion
rCold    . . .     Gourm    .   (no shield)
rNeg     . . .     Faith    .   o - +0 scale mail
rPois    .         Spirit   .   (no helmet)
rElec    .         Reflect  .   (no cloak)
rCorr    .         Harm     .   (no gloves)
MR       .....                  (no boots)
Stlth    ..........             (no amulet)
HPRegen  0.14/turn              (no ring)
MPRegen  0.09/turn              (no ring)

@: no status effects
A: claws 1, spiny 1, rot immunity
a: Berserk, Trog's Hand, Renounce Religion


You were on level 2 of the Dungeon.
You worshipped Trog.
Trog was pleased with you.
You were not hungry.

You visited 1 branch of the dungeon, and saw 2 of its levels.

You collected 26 gold pieces.

Inventory:

Hand Weapons
 a - a +0 falchion (weapon)
Armour
 o - a +0 scale mail (worn)
Scrolls
 b - a scroll of immolation {unknown}
 d - a scroll of blinking {unknown}
 k - a scroll of fear {unknown}
 l - a scroll of remove curse {unknown}
 n - a scroll of teleportation {unknown}
Potions
 e - 3 potions of resistance {unknown}
 f - a potion of agility {unknown}
 g - a potion of brilliance {unknown}
 h - 3 potions of curing {unknown}
 i - a potion of lignification {unknown}
 j - 2 potions of magic {unknown}
 m - a potion of ambrosia {unknown}
 p - a potion of might {unknown}
Comestibles
 c - 8 rations


   Skills:
 * Level 4.4 Fighting
 + Level 3.6 Long Blades
 * Level 2.6 Armour
 * Level 3.1 Dodging
 + Level 0.5 Stealth


You had 4 spell levels left.
You didn't know any spells.
Your spell library was empty.

Dungeon Overview and Level Annotations

Branches:
Dungeon (2/15)

Altars:
Ashenzari
Fedhas
Okawaru
Uskayaw
Vehumet
Wu Jian


Innate Abilities, Weirdness & Mutations

You have sharp fingernails.
You are partially covered in sharp spines.
You are immune to rotting.


Message History

a dagger; a robe There isn't anything to butcher here.
There is an ornate altar of the Wu Jian Council here.
As you open the door, it creaks loudly!
There is an open door here.
There is an open door here.
Partly explored, can't reach some places.
Partly explored, can't reach some places.
There is an open door here.
Really walk into a travel-excluded area?
c - 8 rations (gained 1) Really walk into that cloud of flame?
You are engulfed in blazing flames.
Ouch! That really hurt!
Things that are here:
a sedimented orange potion; the felid corpse of Natasha
g - a sedimented orange potion You are engulfed in blazing flames.
Ouch! That really hurt!
You die...

#.#............# ##.†##
#...######....## #..P_#
##### ###.########P.).##
#........'.⌠._.#
###.##.#####....##
#......# #..._.# ##.§.§§.#
##.P### ######## #...§..##
#.##P# #......# #..@.§§#
### ## #.####.# #..§..§#
#.####.# #.##.###
#...##.## #....# #
#.......# ####.######## #
#.......# ##...#.....# #
##.####.#####....).....###
# #># #..........)._8_...#
# #.# #########.#......#.#


There were no monsters in sight!

Vanquished Creatures
  Jessica (D:2)
  Natasha (twice) (D:2)
  Terence (D:2)
  4 gnolls
  4 adders (D:2)
  An ooze (D:1)
  A worm (D:2)
  A dart slug (D:1)
  A leopard gecko (D:2)
  A ball python (D:1)
  3 goblins (D:1)
  4 hobgoblins
  3 jackals (D:1)
  7 kobolds
  A quokka (D:2)
  5 bats
  5 frilled lizards
  6 rats
51 creatures vanquished.

Vanquished Creatures (others)
  Natasha (D:2)
1 creature vanquished.

Grand Total: 52 creatures vanquished

Notes
Turn   | Place    | Note
-------+----------+-------------------------------------------
     0 | D:1      | troglodite the Demonspawn Berserker began the quest for the Orb.
     0 | D:1      | Reached XP level 1. HP: 18/18 MP: 1/1
    29 | D:1      | Gained mutation: You have sharp fingernails. [demonic ancestry]
    29 | D:1      | Reached XP level 2. HP: 9/24 MP: 2/2
   367 | D:1      | Reached XP level 3. HP: 17/29 MP: 3/3
   682 | D:1      | Reached ** piety under Trog
  1195 | D:2      | Found a hide-covered altar of Uskayaw.
  1195 | D:2      | Found a shattered altar of Ashenzari.
  1205 | D:2      | Gained mutation: You are partially covered in sharp spines. [demonic ancestry]
  1205 | D:2      | Reached XP level 4. HP: 25/37 MP: 4/4
  1419 | D:2      | Found a radiant altar of Vehumet.
  1510 | D:2      | Reached skill level 4 in Fighting
  1755 | D:2      | Noticed Natasha
  1762 | D:2      | Killed Natasha
  1762 | D:2      | Gained mutation: You are immune to rotting. [demonic ancestry]
  1762 | D:2      | Reached XP level 5. HP: 28/42 MP: 5/5
  1829 | D:2      | Noticed Natasha
  1838 | D:2      | Killed Natasha
  1861 | D:2      | Noticed Terence
  1874 | D:2      | Killed Terence
  1902 | D:2      | Found a faded altar of an unknown god.
  2117 | D:2      | Killed Natasha
  2205 | D:2      | Found an iron altar of Okawaru.
  2205 | D:2      | Found an ornate altar of the Wu Jian Council.
  2207 | D:2      | Found a blossoming altar of Fedhas.
  2208 | D:2      | Noticed Jessica
  2215 | D:2      | Killed Jessica
  2287 | D:2      | Engulfed by a cloud of flame

Skill      XL: |  1  2  3  4  5 |
---------------+----------------+-----
Dodging        | 2 3 |  3.1
Long Blades    | 3 |  3.6
Armour         | 2 |  2.6
Fighting       | 4 |  4.4
Stealth        | |  0.5

Action                   |  1- 3 |  4- 6 || total
-------------------------+-------+-------++-------
Melee: Falchion          |    74 |    59 ||   133
Invok: Berserk           |     2 |     1 ||     3
 Stab: Sleeping          |     1 |     1 ||     2
  Eat: Chunk             |     2 |     5 ||     7
Armor: Animal skin       |    15 |     8 ||    23
       Scale mail        |       |     8 ||     8
Dodge: Dodged            |    47 |    27 ||    74
       Rpst.: Falchion   |    17 |     9 ||    26
